 Dungeon Crawl Stone Soup version 0.21-a0-137-g951aa02 (webtiles) character file.

9790 tof the Protected (level 11, 0/97 HPs)
             Began as a Minotaur Berserker on July 18, 2017.
             Was a High Priest of Trog.
             Slain by a killer bee (6 damage)
             ... on level 10 of the Dungeon.
             The game lasted 00:32:32 (9785 turns).

tof the Protected (Minotaur Berserker)              Turns: 9785, Time: 00:32:33

Health: 0/97       AC: 20    Str: 21    XL:     11   Next: 27%
Magic:  3/3        EV: 11    Int:  7    God:    Trog [*****.]
Gold:   522        SH:  3    Dex: 14    Spells: 10/10 levels left

rFire    . . .     SeeInvis .   u - +3 halberd (antimagic)
rCold    . . .     Gourm    .   (shield currently unavailable)
rNeg     . . .     Faith    .   b - +0 plate armour
rPois    .         Spirit   .   (helmet restricted)
rElec    .         Reflect  +   s - +0 cloak
rCorr    .         Harm     .   j - +0 pair of gloves
MR       .....                  (no boots)
Stlth    ..........             h - +3 amulet of reflection
HPRegen  0.26/turn              t - +2 ring of protection
MPRegen  0.08/turn              F - +2 ring of slaying

@: brilliant, lethally poisoned (0 -> -5), berserk cooldown, slowed, very slow
A: retaliatory headbutt, horns 2, dopey 1, high mp 1, wild magic 2, evolution 1
a: Berserk, Trog's Hand, Brothers in Arms, Burn Spellbooks, Renounce Religion


You were on level 10 of the Dungeon.
You worshipped Trog.
Trog was extremely pleased with you.
You were very hungry.

You visited 1 branch of the dungeon, and saw 10 of its levels.
You also visited: Sewer.

You collected 566 gold pieces.
You spent 44 gold pieces at shops.

Inventory:

Hand Weapons
 k - a +0 falchion
 u - a +3 antimagic halberd (weapon)
 E - a +5 glaive of freezing
Armour
 b - a +0 plate armour (worn)
 j - a +0 pair of gloves (worn)
 s - a +0 cloak (worn)
Jewellery
 e - an uncursed ring of resist corrosion
 g - an uncursed ring of positive energy
 h - a +3 amulet of reflection (around neck)
 t - a +2 ring of protection (left hand)
 B - a +4 ring of dexterity
 F - a +2 ring of slaying (right hand)
Wands
 a - a wand of enslavement (7/24)
 i - a wand of flame (29/48)
 l - a wand of random effects (26/48)
 y - a wand of lightning (9/15)
 A - a wand of polymorph (13/24)
 H - a wand of confusion (26/48)
Scrolls
 f - 4 scrolls of teleportation
 x - a scroll of recharging
 D - 2 scrolls of blinking
Potions
 d - 3 potions of mutation {unknown}
 m - 8 potions of heal wounds
 n - 4 potions of flight {unknown}
 o - 5 potions of curing {unknown}
 q - a potion of magic
 r - 3 potions of invisibility
 w - a potion of might
 C - a potion of brilliance
 G - a potion of ambrosia {unknown}
 I - a potion of berserk rage {unknown}
Comestibles
 c - 6 bread rations
 p - 13 royal jellies
 v - 5 meat rations
 z - 4 fruits
 J - 9 chunks of flesh


   Skills:
 + Level 9.3 Fighting
 * Level 12.4 Polearms
 * Level 12.5 Armour
 + Level 8.0 Dodging


You had 10 spell levels left.
You didn't know any spells.

Dungeon Overview and Level Annotations

Branches:
Dungeon (10/15)            Temple (0/1) D:6            Lair (0/6) D:8
    Orc: D:9-12

Altars:
Cheibriados
Kikubaaqudgha
Nemelex Xobeh
Okawaru
Qazlal
Ru
Sif Muna
Trog
Zin

Shops:
D:9 =   D:10 ?


Innate Abilities, Weirdness & Mutations

You reflexively headbutt those who attack you in melee.
You have a pair of horns on your head.
You are dopey. (Int -2)
You have an increased reservoir of magic. (+10% MP)
Your spells are harder to cast, but more powerful.
You evolve.


Message History

The killer bee stings you.
* * * LOW HITPOINT WARNING * * *
The killer bee stings you.
* * * LOW HITPOINT WARNING * * *
You are more poisoned.
The killer bee poisons you!
You slice the killer bee!!
You kill the killer bee!
Trog accepts your kill.
You feel sick. The killer bee barely misses you. The killer bee stings you.
* * * LOW HITPOINT WARNING * * *
You miss the killer bee.
* * * LOW HITPOINT WARNING * * *
You feel sick. The killer bee barely misses you. You furiously retaliate!
You headbutt the killer bee, but do no damage.
The killer bee stings you but does no damage.
You closely miss the killer bee. Your headbutt misses the killer bee.
* * * LOW HITPOINT WARNING * * *
You feel sick. The killer bee closely misses you. The killer bee stings you.
You die...

#### #..# #........#
...###.#########........#
##........(....'[(......+
#####.#########........#
#.# #........# #.#
###'###### #.# ###.# #.#
#†..# #+# #@### #y#


yo. #.%.. #%%%.. #....%. #%.%.... +...%...# You could see 2 killer bees and an
orc.

Vanquished Creatures
  Erica (D:8)
  A two-headed ogre (D:9)
  A centaur zombie (D:10)
  A centaur skeleton (D:10)
  A troll (D:8)
  A queen bee (D:10)
  Prince Ribbit (D:9)
  Grinder (D:4)
  A yak (D:8)
  A shadow (D:10)
  2 humans (D:8)
  A hungry ghost (D:7)
  4 sky beasts
  6 orc warriors
  3 porcupines (D:8)
  A black bear (D:8)
  An ice beast (D:6)
  2 phantoms
  3 centaurs
  2 ogres (D:7)
  2 big kobolds
  8 bullfrogs
  A wyvern zombie (D:8)
  4 scorpions
  27 killer bees (D:10)
  6 wights
  2 howler monkeys
  6 crimson imps
  13 orc priests
  4 hounds
  5 jellies
  A bullfrog skeleton (D:4)
  Ijyb (D:4)
  2 iguanas
  Natasha (thrice) (D:2)
  7 orc wizards
  8 worker ants
  A killer bee zombie (D:8)
  A hound zombie (D:6)
  A hound skeleton (D:5)
  2 worker ant zombies
  A howler monkey zombie (D:7)
  15 adders
  A river rat (Sewer)
  A shadow imp (D:6)
  5 oozes (D:9)
  2 adder zombies
  5 adder skeletons
  3 worms
  4 dart slugs
  6 leopard geckos
  44 orcs
  7 giant cockroaches
  8 goblins
  6 hobgoblins
  15 jackals
  15 kobolds
  7 quokkas
  5 ball pythons
  8 bats
  5 frilled lizards
  A giant cockroach zombie (D:5)
  A jackal zombie (D:6)
  A leopard gecko skeleton (D:8)
  12 rats
318 creatures vanquished.

Vanquished Creatures (others)
  A wight (D:7)
  A goblin (D:3)
  A fungus (D:8)
3 creatures vanquished.

Grand Total: 321 creatures vanquished

Notes
Turn   | Place    | Note
-------+----------+-------------------------------------------
     0 | D:1      | tof the Minotaur Berserker began the quest for the Orb.
     0 | D:1      | Reached XP level 1. HP: 19/19 MP: 0/0
   288 | D:1      | Reached XP level 2. HP: 27/27 MP: 1/1
   846 | D:1      | Reached XP level 3. HP: 32/33 MP: 2/2
  1072 | D:2      | Noticed Natasha
  1082 | D:2      | Killed Natasha
  1082 | D:2      | Reached ** piety under Trog
  1144 | D:2      | Noticed Natasha
  1149 | D:2      | Killed Natasha
  1149 | D:2      | Reached XP level 4. HP: 31/40 MP: 3/3
  1453 | D:2      | Noticed Natasha
  1461 | D:2      | Killed Natasha
  1693 | D:2      | Reached skill level 5 in Polearms
  2323 | D:3      | Reached XP level 5. HP: 44/46 MP: 4/4
  2512 | D:3      | Found a sacrificial altar of Ru.
  2602 | D:3      | Found a glowing drain.
  2614 | Sewer    | Entered a sewer
  2891 | Sewer    | Found a white marble altar of Elyvilon.
  2995 | D:3      | Reached XP level 6. HP: 53/53 MP: 5/5
  3107 | D:4      | Noticed Ijyb
  3118 | D:4      | Reached skill level 5 in Armour
  3423 | D:4      | Killed Ijyb
  3423 | D:4      | Reached *** piety under Trog
  3423 | D:4      | Reached skill level 5 in Fighting
  3822 | D:4      | Noticed Grinder
  3826 | D:4      | Killed Grinder
  3826 | D:4      | Reached XP level 7. HP: 61/61 MP: 6/6
  4103 | D:5      | Entered Level 5 of the Dungeon
  4125 | D:5      | Found a bloodstained altar of Trog.
  4151 | D:5      | Found a deep blue altar of Sif Muna.
  4343 | D:5      | Found a stormy altar of Qazlal.
  5164 | D:6      | Found a staircase to the Ecumenical Temple.
  5193 | D:6      | Found a glowing silver altar of Zin.
  5194 | D:6      | Found a snail-covered altar of Cheibriados.
  5197 | D:6      | Found a sparkling altar of Nemelex Xobeh.
  5198 | D:6      | Found an ancient bone altar of Kikubaaqudgha.
  5221 | D:6      | Reached XP level 8. HP: 37/70 MP: 7/7
  5678 | D:6      | Reached **** piety under Trog
  6176 | D:6      | Reached skill level 5 in Dodging
  6615 | D:7      | Reached XP level 9. HP: 70/78 MP: 8/8
  6802 | D:7      | Gained mutation: Your spells are a little harder to cast, but a little more powerful. [mutagenic meat]
  6803 | D:7      | Gained mutation: Your spells are harder to cast, but more powerful. [mutagenic meat]
  6804 | D:7      | Gained mutation: You have an increased reservoir of magic. (+10% MP) [mutagenic meat]
  6805 | D:7      | Gained mutation: You are dopey. (Int -2) [mutagenic meat]
  6806 | D:7      | Gained mutation: You evolve. [mutagenic meat]
  7163 | D:8      | Noticed a troll
  7203 | D:8      | Killed a troll
  7203 | D:8      | Reached skill level 10 in Polearms
  7211 | D:8      | Reached skill level 10 in Armour
  7218 | D:8      | Gained mutation: You expend magic power (3 MP) to strengthen your wands. [evolution]
  7261 | D:8      | Found a staircase to the Lair.
  7352 | D:8      | Noticed Erica
  7361 | D:8      | Killed Erica
  7361 | D:8      | Reached XP level 10. HP: 71/88 MP: 10/10
  7423 | D:8      | Reached ***** piety under Trog
  8140 | D:8      | Found an iron altar of Okawaru.
  8429 | D:9      | Received a gift from Trog
  8666 | D:9      | Found Joeczufu's Jewellery Shoppe.
  8678 | D:9      | Noticed a two-headed ogre
  8684 | D:9      | Killed a two-headed ogre
  8738 | D:9      | Noticed Prince Ribbit
  8741 | D:9      | Killed Prince Ribbit
  8816 | D:9      | Gained mutation: Your spells are much harder to cast, but much more powerful. [evolution]
  9201 | D:9      | Lost mutation: Your spells are much harder to cast, but much more powerful. [mutagenic meat]
  9203 | D:9      | Lost mutation: You expend magic power (3 MP) to strengthen your wands. [mutagenic meat]
  9246 | D:10     | Entered Level 10 of the Dungeon
  9432 | D:10     | Found Jeoro's Magic Scroll Shoppe.
  9440 | D:10     | Reached XP level 11. HP: 97/97 MP: 11/11
  9444 | D:10     | Bought a scroll of identify for 22 gold pieces
  9444 | D:10     | Bought a scroll of identify for 22 gold pieces
  9618 | D:10     | Received a gift from Trog
  9776 | D:10     | HP: 4/97 [poisoned by a killer bee]
  9785 | D:10     | Slain by a killer bee

Vault maps used:
D:1:      lemuel_arrival_lava_pool, st_stairs_8, minmay_tetromino_o4
D:2:      kennysheep_generic_room_10, uniq_natasha
D:3:      nicolae_ru_path_of_blood, portal_sewer_entry_a, first_bread
D:4:      minmay_wonky_spiral, uniq_grinder, uniq_ijyb
D:5:      bloody_trog, led_sif_book, grunt_qazlal_sundering
D:6:      chequers_temple_overflow_statue_of_worship,
          minmay_temple_entry_statues_fountains, grunt_ministairs_7,
          lightli_minifort
D:8:      okawaru_humans, due_lair_maze_entry_diamond, uniq_erica
D:9:      serial_shops, shop_statue, hangedman_little_slice_of_home,
          uniq_prince_ribbit1
D:10:     orc_0_dummy, serial_shops, shop
Sewer:    sewer_kobolds

Skill      XL: |  1  2  3  4  5  6  7  8  9 10 11 |
---------------+----------------------------------+-----
Armour         | 3 4 6 7 8 10 12 | 12.5
Polearms       | 4 5 6 7 8 10 11 12 | 12.4
Fighting       | 4 5 6 8 9 |  9.3
Dodging        | 3 4 5 6 7 8 |  8.0

Action                   |  1- 3 |  4- 6 |  7- 9 | 10-12 || total
-------------------------+-------+-------+-------+-------++-------
Melee: Spear             |    94 |   177 |    93 |       ||   364
       Headbutt          |    10 |    28 |    68 |    50 ||   156
       Glaive            |       |       |   239 |   219 ||   458
       Halberd           |       |       |       |    66 ||    66
Invok: Berserk           |       |     1 |     3 |     1 ||     5
       Trog's Hand       |       |     1 |       |       ||     1
  Use: Potion            |     1 |       |       |     2 ||     3
       Scroll            |       |     4 |     1 |     8 ||    13
 Stab: Sleeping          |     1 |       |       |       ||     1
       Distracted        |       |       |     1 |       ||     1
  Eat: Chunk             |     1 |     8 |    23 |    11 ||    43
Armor: Leather armour    |    13 |       |       |       ||    13
       Ring mail         |       |    69 |    16 |       ||    85
       Plate armour      |       |       |    83 |   170 ||   253
       Chain mail        |       |       |    25 |       ||    25
Dodge: Dodged            |    44 |   106 |   146 |   140 ||   436
Block: Other             |     1 |    19 |    31 |    33 ||    84
       Reflection        |     1 |     3 |     2 |     1 ||     7
